 Dungeon Crawl Stone Soup version 0.29.0-11-gd7f09526c8 (webtiles) character file.

Game seed: 15348133365104698778

18 pacmanke6689 the Ruffian (level 2, -1/27 HPs)
             Began as a Ghoul Berserker on Sept 2, 2022.
             Was a Follower of Trog.
             Slain by an adder (2 damage)
             ... on level 2 of the Dungeon.
             The game lasted 00:03:51 (694 turns).

pacmanke6689 the Ruffian (Ghoul Berserker)           Turns: 694, Time: 00:03:52

Health: -1/27      AC:  3    Str: 19    XL:     2   Next: 70%
Magic:  1/1        EV: 11    Int:  3    God:    Trog [*.....]
Gold:   73         SH:  0    Dex:  8    Spells: 1/1 levels left

rFire   . . .      SeeInvis .     - Unarmed
rCold   + . .      Faith    .   (no shield)
rNeg    + + +      Spirit   .   a - +0 animal skin
rPois   ∞          Reflect  .   (no helmet)
rElec   .          Harm     .   c - +0 cloak
rCorr   .          Rampage  .   (no gloves)
Will    .....                   (no boots)
Stlth   +.........              (no amulet)
HPRegen 0.00/turn               (no ring)
MPRegen 0.07/turn               (no ring)

@: brilliant, inhibited regen
A: claws 1, cold resistance 1, negative energy resistance 3, inhibited
regeneration, torment resistance 2, devour on kill
a: Renounce Religion


You were on level 2 of the Dungeon.
You worshipped Trog.
Trog was aware of your devotion.
You visited 1 branch of the dungeon, and saw 2 of its levels.

You collected 73 gold pieces.

Inventory:

Armour
 a - a +0 animal skin (worn)
 c - a +0 cloak (worn)
Jewellery
 b - a ring of see invisible
Potions
 g - 2 potions of attraction {unknown}
 i - a potion of invisibility {unknown}


   Skills:
 + Level 3.6 Fighting
 - Level 1.8 Armour
 + Level 1.9 Dodging
 * Level 3.9 Unarmed Combat


You had one spell level left.
You didn't know any spells.
Your spell library contained the following spells:

 Spells                   Type           Power      Damage    Failure   Level
 Confusing Touch          Hex            0%         N/A       88%         3
 Yara's Violent Unravell  Hex/Tmut       0%         3d3       100%        5
 Enfeeble                 Hex            0%         N/A       100%        7


Dungeon Overview and Level Annotations

Branches:
Dungeon (2/15)

Altars:

Annotations:
D:2 Sigmund


Innate Abilities, Weirdness & Mutations

You are immune to poison.
You have sharp fingernails.
Your flesh is cold resistant. (rC+)
You are immune to negative energy. (rN+++)
You do not regenerate when monsters are visible.
You are immune to unholy pain and torment.
You thrive by killing the living.


Message History

Sigmund flickers and vanishes!
Deactivating autopickup; reactivate with Ctrl-A.
The rat closely misses you.
Found a stone staircase leading down.
You see here a scroll of teleportation.
d - a scroll of teleportation
As you read the scroll of teleportation, it crumbles to dust.
You feel strangely unstable.
Your surroundings suddenly seem different.
A hobgoblin comes into view.
Found a book of Geomancy and a scroll labelled IBABIYD TYRCH.
The hobgoblin shouts!
You hear an angry hiss.
You hear a shout!
A frilled lizard comes into view.
An adder comes into view.
The adder hisses angrily.
You closely miss the hobgoblin. You barely miss the hobgoblin.
The hobgoblin barely misses you.
You closely miss the hobgoblin. The hobgoblin misses you.
You closely miss the hobgoblin.
An adder comes into view.
You barely miss the hobgoblin. The hobgoblin barely misses you.
The adder hisses angrily.
You scratch the hobgoblin.
The hobgoblin is lightly wounded.
The adder bites you but does no damage.
Your extra speed is starting to run out.
The adder bites you.
* * * LOW HITPOINT WARNING * * *
The hobgoblin hits you but does no damage.
The adder bites you but does no damage.
Attack: -) Claws
Press: ? - help, Dir - move target, f - adder
Aim: an adder (about 60% to evade your claws)
Okay, then.
You feel yourself slow down. The adder misses you.
The adder attacks as you move away! The adder bites you but does no damage.
The adder misses you. The adder bites you.
You die...

..... #.....# .....
####.....# ......
#........#
......#######
#.#...####
............#
##...###
l##..#......###.S###
# #.........g##
#........S##
.......:#@.#
.##.##........# .
... ###...##.# ...
...... ... .?.
....... #.#
###..#.## .# ......
# ..##.##


You could see 2 adders and a hobgoblin.

Vanquished Creatures
  2 dart slugs (D:1)
  A bat (D:1)
  2 endoplasms (D:1)
  2 goblins (D:1)
  A hobgoblin (D:1)
  3 ball pythons (D:1)
  2 kobolds (D:1)
  A rat (D:1)
14 creatures vanquished.

Notes
Turn   | Place    | Note
-------+----------+-------------------------------------------
     0 | D:1      | pacmanke6689 the Ghoul Berserker began the quest for the
                  | Orb.
     0 | D:1      | Reached XP level 1. HP: 19/19 MP: 0/0
   202 | D:1      | Reached XP level 2. HP: 21/26 MP: 1/1
   601 | D:2      | Noticed Sigmund
   685 | D:2      | HP: 1/27 [adder (1)]
   694 | D:2      | Slain by an adder

Illustrated notes

Levels and vault maps discovered:
D:1:      minmay_arrival_open_corners, layout_rooms, minmay_tromino_i4
D:2:      layout_rooms, chequers_ecumenical_altar_grove, basic_altar,
          uniq_sigmund

Action                   || total
-------------------------++-------
Melee: Unarmed           ||    51
  Use: Scroll            ||     4
       Potion            ||     3
Armor: Animal skin       ||    18
Dodge: Dodged            ||    43
